Thunderbirds vs Wolfpack
Created - April 8, 2025 at 23:06
Goals
|
| Thunderbirds |
1 |
1 |
2 |
4 |
| Wolfpack |
0 |
1 |
2 |
3 |
|
Shots
|
| Thunderbirds |
10 |
14 |
9 |
33 |
| Wolfpack |
12 |
10 |
16 |
38 |
|
1st period
1. Thunderbirds , Rasmus Kupari 11 (Frederic Allard 13, Trey Fix-Wolansky 8) at 4:01
Penalties :
Jeremy Lauzon (Spr) for Holding (Minor) at 10:48
2nd period
2. Wolfpack , Owen Tippet 22 (Alexander Barabanov 28) at 12:55
3. Thunderbirds , Joachim Blichfeld 54 (Jeremy Lauzon 38, Rourke Chartier 56) at 19:50 (PP)
Penalties :
Joachim Blichfeld (Spr) for Tripping (Minor) at 3:32, Dylan Blujus (Spr) for Tripping (Minor) at 17:11, Alexander Barabanov (Har) for Slashing (Minor) at 19:39
3rd period
4. Thunderbirds , Pierre Engvall 10 (Jeremy Lauzon 39, Rourke Chartier 57) at 12:44 (PP)
5. Thunderbirds , Artturi Lehkonen 13 (Trey Fix-Wolansky 9, Henri Jokiharju 21) at 17:08
6. Wolfpack , Derrick Pouliot 11 (Owen Tippet 30, Colton White 33) at 19:15
7. Wolfpack , Owen Tippet 23 (Alex Barre-Boulet 38) at 19:58
Penalties :
Cale Fleury (Har) for Cross-checking (Minor) at 11:46, Henri Jokiharju (Spr) for Holding (Minor) at 13:49
Goalie Stats
Marc-André Fleury (Spr), 35 saves from 38 shots - (0.921), W, 3-0-0, 60:00 minutes
Samuel Ersson (Har), 29 saves from 33 shots - (0.879), L, 13-13-4, 60:00 minutes
Players Stats for Thunderbirds
Player Name G A P +/- PIM S H SB GA TA FO MP PP MP PK MP
------------------------------------------------------------------------------------
Anthony Richard 0 0 0 -3 0 2 2 1 0 1 11/17 16:07 0:12 2:16
Artturi Lehkonen 1 0 1 1 0 3 2 0 0 0 0/0 12:43 0:00 1:30
Dylan Blujus 0 0 0 -1 2 1 0 1 0 0 0/0 21:25 0:00 3:13
Dylan Sikura 0 0 0 -3 0 2 1 1 1 0 0/1 15:38 0:00 2:16
Emil Bemstrom 0 0 0 0 0 3 0 0 0 0 0/0 10:04 0:12 0:00
Frederic Allard 0 1 1 2 0 1 0 2 0 0 0/0 17:02 0:00 3:44
Henri Jokiharju 0 1 1 -1 2 1 1 2 0 0 0/0 23:30 0:00 3:16
Jeremy Lauzon 0 2 2 -2 2 1 1 3 1 1 0/0 26:55 1:09 3:07
Joachim Blichfeld 1 0 1 0 2 9 0 0 3 1 1/1 17:56 0:57 0:00
Matt Roy 0 0 0 -1 0 2 2 1 1 0 0/0 17:41 0:00 2:16
Michael Rasmussen 0 0 0 -3 0 1 0 0 1 0 0/0 14:19 0:57 0:00
Paul Cotter 0 0 0 1 0 1 0 1 0 0 1/2 8:51 0:00 0:00
Pierre Engvall 1 0 1 0 0 1 2 1 0 0 1/1 21:49 0:12 4:10
Rasmus Kupari 1 0 1 1 0 1 0 0 0 0 0/1 9:04 0:00 0:00
Rourke Chartier 0 2 2 0 0 3 1 0 1 1 12/31 17:57 0:57 0:00
Sami Niku 0 0 0 2 0 0 1 1 0 0 0/0 15:00 1:09 0:16
Trent Frederic 0 0 0 0 0 0 1 1 0 0 6/10 14:15 0:00 4:10
Trey Fix-Wolansky 0 2 2 2 0 1 0 1 0 0 0/1 11:44 0:00 1:30
Players Stats for Wolfpack
Player Name G A P +/- PIM S H SB GA TA FO MP PP MP PK MP
------------------------------------------------------------------------------------
Alex Barre-Boulet 0 1 1 3 0 3 3 0 0 0 6/13 17:41 3:30 0:09
Alexander Barabanov 0 1 1 3 2 2 1 0 0 1 1/1 17:40 3:30 0:09
Andrei Altybarmakyan 0 0 0 -1 0 1 0 0 0 0 0/1 8:56 0:00 0:00
Cale Fleury 0 0 0 0 2 0 1 2 0 1 0/0 11:15 0:00 0:00
Colton White 0 1 1 2 0 5 3 0 0 1 0/0 28:55 4:45 0:52
Derrick Pouliot 1 0 1 2 0 2 0 3 0 1 0/0 28:55 4:45 0:52
Dryden Hunt 0 0 0 0 0 1 1 0 0 0 1/2 21:16 4:06 1:00
Jake Marchment 0 0 0 -1 0 0 2 0 0 0 1/4 11:45 0:00 0:00
Jeffrey Viel 0 0 0 -1 0 0 3 0 0 0 0/0 9:18 0:20 0:00
Joshua Jacobs 0 0 0 0 0 0 0 2 0 1 0/0 11:16 0:00 0:00
K'Andre Miller 0 0 0 -1 0 3 0 3 0 1 0/0 19:49 3:11 0:17
Linus Sandin 0 0 0 -1 0 1 1 0 0 0 0/0 11:45 0:00 0:00
Nolan Patrick 0 0 0 0 0 7 2 0 0 0 22/37 21:38 4:26 1:00
Owen Tippet 2 1 3 3 0 6 2 0 1 1 1/4 17:32 3:30 0:00
Ryan Culkin 0 0 0 -1 0 3 0 1 1 0 0/0 19:49 3:11 0:17
Sebastian Collberg 0 0 0 0 0 2 1 0 2 1 0/0 20:38 4:26 0:00
Shane Pinto 0 0 0 -1 0 0 0 0 0 0 1/3 8:56 0:00 0:00
Yegor Korshkov 0 0 0 -1 0 2 1 0 0 0 0/0 11:45 0:00 0:00
3 Stars
1 - Owen Tippet (Har)
2 - Trey Fix-Wolansky (Spr)
3 - Artturi Lehkonen (Spr)
Power Play
Thunderbirds - 2 on 2 Attempt(s) - 100.00%
Wolfpack - 0 on 4 Attempt(s) - 0.00%
Penalty Kill
Thunderbirds - 4 on 4 Attempt(s) - 100.00%
- Score 0 goal in Penalty Kill
Wolfpack - 0 on 2 Attempt(s) - 0.00%
- Score 0 goal in Penalty Kill
Team Stat
Thunderbirds - Hits : 14 - Faceoff Wins : 32 - Blocked Shots : 16 - Penalty Minutes : 8
Wolfpack - Hits : 21 - Faceoff Wins : 33 - Blocked Shots : 11 - Penalty Minutes : 4
Official
Referees : Brandon Blandina and Frederick L'Ecuyer
Linesman : Andrew Smith and Libor Suchanek
Game Notes
No Game Note
Finance
Level 1 -- Attendance: 1748 (87.40%) -- Ticket Income $122,360
Level 2 -- Attendance: 1000 (100.00%) -- Ticket Income $40,000
Total Attendance: 2748 (91.60%)
Total Ticket Income: $162,360
Other Income: $8,118
Total Income: $170,478
Thunderbirds
5 vs 5 Forward
Center Left Wing Right Wing Time % Phy DF OF
1 Rourke Chartier Pierre Engvall Joachim Blichfeld 40 1 2 2
2 Anthony Richard Michael Rasmussen Dylan Sikura 30 1 2 2
3 Trent Frederic Artturi Lehkonen Emil Bemstrom 20 1 2 2
4 Rasmus Kupari Paul Cotter Trey Fix-Wolansky 10 1 2 2
5 vs 5 Defense
Defense Defense Time % Phy DF OF
1 Jeremy Lauzon Henri Jokiharju 40 1 2 2
2 Dylan Blujus Matt Roy 30 1 2 2
3 Frederic Allard Sami Niku 20 1 2 2
4 Jeremy Lauzon Dylan Blujus 10 1 2 2
PowerPlay Forward
Center Left Wing Right Wing Time % Phy DF OF
1 Rourke Chartier Michael Rasmussen Joachim Blichfeld 60 1 2 2
2 Anthony Richard Pierre Engvall Emil Bemstrom 40 1 2 2
PowerPlay Defense
Defense Defense Time % Phy DF OF
1 Sami Niku Jeremy Lauzon 60 1 2 2
2 Matt Roy Henri Jokiharju 40 1 2 2
Penalty Kill 4 Players Forward
Center Wing Time % Phy DF OF
1 Trent Frederic Pierre Engvall 60 1 2 2
2 Anthony Richard Dylan Sikura 40 1 2 2
Penalty Kill 4 Players Defense
Defense Defense Time % Phy DF OF
1 Henri Jokiharju Jeremy Lauzon 60 1 2 2
2 Dylan Blujus Frederic Allard 40 1 2 2
Penalty Kill - 3 Players Forward
Forward Time % Phy DF OF
1 Trent Frederic 60 1 2 2
2 Anthony Richard 40 1 2 2
Penalty Kill - 3 Players Defense
Defense Defense Time % Phy DF OF
1 Dylan Blujus Henri Jokiharju 60 1 2 2
2 Jeremy Lauzon Frederic Allard 40 1 2 2
4 vs 4 Forward
Center Wing Time % Phy DF OF
1 Rourke Chartier Michael Rasmussen 60 1 2 2
2 Anthony Richard Pierre Engvall 40 1 2 2
4 vs 4 Defense
Defense Defense Time % Phy DF OF
1 Henri Jokiharju Dylan Blujus 60 1 2 2
2 Matt Roy Jeremy Lauzon 40 1 2 2
Last Minutes Offensive
Center Left Wing Right Wing Defense Defense
Rourke Chartier Pierre Engvall Joachim Blichfeld Jeremy Lauzon Sami Niku
Last Minutes Defensive
Center Left Wing Right Wing Defense Defense
Trent Frederic Artturi Lehkonen Pierre Engvall Henri Jokiharju Frederic Allard
Goaltenders
Starting : Marc-André Fleury
Backup : Emil Larmi
Extra Forwards
Normal : Rasmus Kupari, Dylan Sikura, Trey Fix-Wolansky - PP : Trent Frederic, Artturi Lehkonen - PK : Trey Fix-Wolansky
Extra Defensemen
Normal : Frederic Allard, Sami Niku, Jeremy Lauzon - PP : Sami Niku - PK : Frederic Allard, Dylan Blujus
Penalty Shots
Rourke Chartier, Anthony Richard, Joachim Blichfeld, Trey Fix-Wolansky, Rasmus Kupari
Custom OT Lines Forwards
Rourke Chartier, Pierre Engvall, Dylan Sikura, Joachim Blichfeld, Anthony Richard, Trent Frederic, Artturi Lehkonen, Michael Rasmussen, Emil Bemstrom, Paul Cotter
Custom OT Lines Defensemen
Jeremy Lauzon, Henri Jokiharju, Dylan Blujus, Frederic Allard, Matt Roy
Scratches
Nathan Smith (Healthy), Calen Addison (Healthy), Alex Vlasic (Healthy), Jakob Pelletier (Healthy), Rafael Harvey-Pinard (Healthy)
Nicholas Robertson (Healthy), Arturs Silovs (Healthy)
Wolfpack
5 vs 5 Forward
Center Left Wing Right Wing Time % Phy DF OF
1 Nolan Patrick Dryden Hunt Sebastian Collberg 40 1 2 2
2 Alex Barre-Boulet Alexander Barabanov Owen Tippet 30 1 2 2
3 Jake Marchment Yegor Korshkov Linus Sandin 20 1 2 2
4 Shane Pinto Jeffrey Viel Andrei Altybarmakyan 10 1 2 2
5 vs 5 Defense
Defense Defense Time % Phy DF OF
1 Derrick Pouliot Colton White 40 1 2 2
2 Ryan Culkin K'Andre Miller 30 1 2 2
3 Cale Fleury Joshua Jacobs 20 1 2 2
4 Derrick Pouliot Colton White 10 1 2 2
PowerPlay Forward
Center Left Wing Right Wing Time % Phy DF OF
1 Nolan Patrick Dryden Hunt Sebastian Collberg 60 1 2 2
2 Alex Barre-Boulet Alexander Barabanov Owen Tippet 40 1 2 2
PowerPlay Defense
Defense Defense Time % Phy DF OF
1 Derrick Pouliot Colton White 60 1 2 2
2 Ryan Culkin K'Andre Miller 40 1 2 2
Penalty Kill 4 Players Forward
Center Wing Time % Phy DF OF
1 Nolan Patrick Dryden Hunt 60 1 2 2
2 Alex Barre-Boulet Alexander Barabanov 40 1 2 2
Penalty Kill 4 Players Defense
Defense Defense Time % Phy DF OF
1 Derrick Pouliot Colton White 60 1 2 2
2 Ryan Culkin K'Andre Miller 40 1 2 2
Penalty Kill - 3 Players Forward
Forward Time % Phy DF OF
1 Nolan Patrick 60 1 2 2
2 Alex Barre-Boulet 40 1 2 2
Penalty Kill - 3 Players Defense
Defense Defense Time % Phy DF OF
1 Derrick Pouliot Colton White 60 1 2 2
2 Ryan Culkin K'Andre Miller 40 1 2 2
4 vs 4 Forward
Center Wing Time % Phy DF OF
1 Nolan Patrick Dryden Hunt 60 1 2 2
2 Alex Barre-Boulet Alexander Barabanov 40 1 2 2
4 vs 4 Defense
Defense Defense Time % Phy DF OF
1 Derrick Pouliot Colton White 60 1 2 2
2 Ryan Culkin K'Andre Miller 40 1 2 2
Last Minutes Offensive
Center Left Wing Right Wing Defense Defense
Nolan Patrick Dryden Hunt Sebastian Collberg Derrick Pouliot Colton White
Last Minutes Defensive
Center Left Wing Right Wing Defense Defense
Nolan Patrick Dryden Hunt Sebastian Collberg Derrick Pouliot Colton White
Goaltenders
Starting : Samuel Ersson
Backup : Charlie Lindgren
Extra Forwards
Normal : Alexander Barabanov, Alex Barre-Boulet, Jake Marchment - PP : Alexander Barabanov, Alex Barre-Boulet - PK : Alexander Barabanov
Extra Defensemen
Normal : K'Andre Miller, Cale Fleury, Joshua Jacobs - PP : K'Andre Miller - PK : K'Andre Miller, Cale Fleury
Penalty Shots
Sebastian Collberg, Nolan Patrick, Owen Tippet, Dryden Hunt, Alexander Barabanov
Custom OT Lines Forwards
Sebastian Collberg, Nolan Patrick, Owen Tippet, Dryden Hunt, Alexander Barabanov, Alex Barre-Boulet, Jake Marchment, Linus Sandin, Andrei Altybarmakyan, Yegor Korshkov
Custom OT Lines Defensemen
Derrick Pouliot, Colton White, Ryan Culkin, K'Andre Miller, Cale Fleury
Scratches
Ryan Poehling (Healthy), Mason Shaw (Healthy), Ben Jones (Healthy), Samuel Houde (Healthy), Dylan Samberg (Healthy)
Mikhail Vorobyev (Healthy), Andrew Peeke (Healthy), Dante Fabbro (Healthy), Alexander Volkov (Healthy), Jack Drury (Healthy)
Jakub Lauko (Healthy), Martin Kaut (Healthy), Mathias Laferriere (Healthy), Maxwell Crozier (Healthy), Will Francis (Healthy)
Dustin Wolf (Healthy)
% Time on Ice - Thunderbirds
Lines # - Real PCT - Wanted PCT - Time Play
Normal Forward
1 - 37% - 40% - 18:49
2 - 26% - 30% - 13:22
3 - 19% - 20% - 9:52
4 - 17% - 10% - 8:51
Normal Defense
1 - 38% - 40% - 19:12
2 - 30% - 30% - 15:07
3 - 26% - 20% - 12:59
4 - 7% - 10% - 3:36
PP Forward
1 - 83% - 60% - 0:57
2 - 17% - 40% - 0:12
PP Defense
1 - 100% - 60% - 1:09
2 - 0% - 40% - 0:00
PK Forward
1 - 71% - 60% - 5:40
2 - 29% - 40% - 2:16
PK Defense
1 - 66% - 60% - 5:13
2 - 34% - 40% - 2:43
PK3 Forward
1 - 0% - 60%
2 - 0% - 40%
PK3 Defense
1 - 0% - 60%
2 - 0% - 40%
44 Forward
1 - 0% - 60%
2 - 0% - 40%
44 Defense
1 - 0% - 60%
2 - 0% - 40%
Last Minute Offensive - 0:00
Last Minute Defensive - 0:01
Total
Forward - 60:00
Defense - 60:00
|
% Time on Ice - Wolfpack
Lines # - Real PCT - Wanted PCT - Time Play
Normal Forward
1 - 32% - 40% - 16:11
2 - 28% - 30% - 14:02
3 - 23% - 20% - 11:45
4 - 18% - 10% - 8:56
Normal Defense
1 - 41% - 40% - 20:42
2 - 32% - 30% - 16:21
3 - 22% - 20% - 11:16
4 - 5% - 10% - 2:35
PP Forward
1 - 56% - 60% - 4:26
2 - 44% - 40% - 3:30
PP Defense
1 - 60% - 60% - 4:45
2 - 40% - 40% - 3:11
PK Forward
1 - 87% - 60% - 1:00
2 - 13% - 40% - 0:09
PK Defense
1 - 75% - 60% - 0:52
2 - 25% - 40% - 0:17
PK3 Forward
1 - 0% - 60%
2 - 0% - 40%
PK3 Defense
1 - 0% - 60%
2 - 0% - 40%
44 Forward
1 - 0% - 60%
2 - 0% - 40%
44 Defense
1 - 0% - 60%
2 - 0% - 40%
Last Minute Offensive - 0:01
Last Minute Defensive - 0:00
Total
Forward - 60:00
Defense - 60:00
|
Play-by-Play
1st period
0:01 of 1st period - Nolan Patrick wins face-off versus Rourke Chartier in neutral zone.
0:10 of 1st period - Snap shot by Nolan Patrick.
0:10 of 1st period - Stopped by Marc-André Fleury without a rebound.
0:11 of 1st period - Alexander Barabanov wins face-off versus Anthony Richard in Thunderbirds zone.
1:01 of 1st period - Joshua Jacobs is hit by Rourke Chartier and loses puck.
1:26 of 1st period - Slapshot by Shane Pinto.
1:26 of 1st period - Shot Blocked by Henri Jokiharju.
1:34 of 1st period - Andrei Altybarmakyan is hit by Henri Jokiharju and loses puck.
1:49 of 1st period - Wrist shot by Michael Rasmussen.
1:49 of 1st period - Shot Misses the Net.
1:51 of 1st period - Slapshot by Dylan Blujus.
1:51 of 1st period - Shot Blocked by Cale Fleury.
1:55 of 1st period - Snap shot by Dylan Sikura.
1:55 of 1st period - Stopped by Samuel Ersson without a rebound.
1:56 of 1st period - Rourke Chartier wins face-off versus Nolan Patrick in Wolfpack zone.
2:41 of 1st period - Off-side.
2:42 of 1st period - Anthony Richard wins face-off versus Jake Marchment in neutral zone.
2:49 of 1st period - Snap shot by Michael Rasmussen.
2:49 of 1st period - Deflect By Dylan Sikura.
2:49 of 1st period - Shot Misses the Net.
2:49 of 1st period - Puck is out of play.
2:50 of 1st period - Rourke Chartier wins face-off versus Nolan Patrick in Wolfpack zone.
3:29 of 1st period - Snap shot by Alex Barre-Boulet.
3:29 of 1st period - Shot Misses the Net.
3:45 of 1st period - Slapshot by Trey Fix-Wolansky.
3:45 of 1st period - Stopped by Samuel Ersson without a rebound.
3:46 of 1st period - Jake Marchment wins face-off versus Rasmus Kupari in Wolfpack zone.
3:57 of 1st period - Wrist shot by Rasmus Kupari.
3:57 of 1st period - Shot Blocked by K'Andre Miller.
3:59 of 1st period - Slapshot by Trey Fix-Wolansky.
3:59 of 1st period - Shot Misses the Net.
4:01 of 1st period - Snap shot by Frederic Allard.
4:01 of 1st period - Deflect By Rasmus Kupari.
4:01 of 1st period - Goal by Rasmus Kupari - Thunderbirds : 1 - Wolfpack : 0.
4:02 of 1st period - Nolan Patrick wins face-off versus Rourke Chartier in neutral zone.
4:19 of 1st period - Wrist shot by Rourke Chartier.
4:19 of 1st period - Stopped by Samuel Ersson with a rebound.
5:52 of 1st period - Snap shot by Dryden Hunt.
5:52 of 1st period - Stopped by Marc-André Fleury without a rebound.
5:53 of 1st period - Trent Frederic wins face-off versus Alex Barre-Boulet in Thunderbirds zone.
6:02 of 1st period - Snap shot by Emil Bemstrom.
6:02 of 1st period - Shot Misses the Net.
6:04 of 1st period - Snap shot by Matt Roy.
6:04 of 1st period - Stopped by Samuel Ersson with a rebound.
6:06 of 1st period - Snap shot by Trent Frederic.
6:06 of 1st period - Shot Misses the Net.
6:08 of 1st period - Wrist shot by Artturi Lehkonen.
6:08 of 1st period - Shot Blocked by Cale Fleury.
6:18 of 1st period - Pierre Engvall is hit by Nolan Patrick and loses puck.
6:23 of 1st period - Snap shot by Nolan Patrick.
6:23 of 1st period - Shot Misses the Net.
7:03 of 1st period - Henri Jokiharju is hit by Jeffrey Viel and loses puck.
7:35 of 1st period - Icing by Owen Tippet.
7:36 of 1st period - Rourke Chartier wins face-off versus Nolan Patrick in Wolfpack zone.
7:53 of 1st period - Snap shot by Joachim Blichfeld.
7:53 of 1st period - Shot Misses the Net.
8:45 of 1st period - Rasmus Kupari is hit by Jeffrey Viel and loses puck.
10:06 of 1st period - Slapshot by Derrick Pouliot.
10:06 of 1st period - Stopped by Marc-André Fleury with a rebound.
10:15 of 1st period - Icing by Derrick Pouliot.
10:16 of 1st period - Rourke Chartier wins face-off versus Shane Pinto in Wolfpack zone.
10:17 of 1st period - Slapshot by Joachim Blichfeld.
10:17 of 1st period - Stopped by Samuel Ersson without a rebound.
10:18 of 1st period - Dryden Hunt wins face-off versus Rourke Chartier in Wolfpack zone.
10:18 of 1st period - Dryden Hunt is hit by Matt Roy.
10:31 of 1st period - Snap shot by Nolan Patrick.
10:31 of 1st period - Deflect By Dryden Hunt.
10:31 of 1st period - Shot Blocked by Pierre Engvall.
10:31 of 1st period - Puck is out of play.
10:32 of 1st period - Nolan Patrick wins face-off versus Rourke Chartier in Thunderbirds zone.
10:45 of 1st period - Snap shot by Nolan Patrick.
10:45 of 1st period - Stopped by Marc-André Fleury without a rebound.
10:46 of 1st period - Rourke Chartier wins face-off versus Alex Barre-Boulet in Thunderbirds zone.
10:48 of 1st period - Minor Penalty to Jeremy Lauzon for Holding.
10:49 of 1st period - Nolan Patrick wins face-off versus Trent Frederic in Thunderbirds zone.
10:55 of 1st period - Wrist shot by Nolan Patrick.
10:55 of 1st period - Stopped by Marc-André Fleury with a rebound.
10:57 of 1st period - Snap shot by Colton White.
10:57 of 1st period - Shot Blocked by Trent Frederic.
10:59 of 1st period - Slapshot by Colton White.
10:59 of 1st period - Stopped by Marc-André Fleury without a rebound.
11:00 of 1st period - Nolan Patrick wins face-off versus Trent Frederic in Thunderbirds zone.
12:28 of 1st period - Wrist shot by Trey Fix-Wolansky.
12:28 of 1st period - Shot Misses the Net.
12:48 of 1st period - Penalty to Jeremy Lauzon is over, Jeremy Lauzon is back on ice.
13:03 of 1st period - Jake Marchment is hit by Jeremy Lauzon and loses puck.
13:16 of 1st period - Andrei Altybarmakyan is hit by Dylan Sikura and loses puck.
13:59 of 1st period - Snap shot by Emil Bemstrom.
13:59 of 1st period - Stopped by Samuel Ersson with a rebound.
14:07 of 1st period - Anthony Richard is hit by Sebastian Collberg and loses puck.
14:37 of 1st period - Henri Jokiharju is hit by Colton White.
14:46 of 1st period - Jake Marchment is hit by Matt Roy and loses puck.
14:53 of 1st period - Matt Roy is hit by Cale Fleury and loses puck.
15:41 of 1st period - Slapshot by Ryan Culkin.
15:41 of 1st period - Stopped by Marc-André Fleury with a rebound.
15:49 of 1st period - Slapshot by Linus Sandin.
15:49 of 1st period - Deflect By Yegor Korshkov.
15:49 of 1st period - Shot Misses the Net.
15:49 of 1st period - Puck is out of play.
15:50 of 1st period - Nolan Patrick wins face-off versus Dylan Sikura in Thunderbirds zone.
15:51 of 1st period - Snap shot by Sebastian Collberg.
15:51 of 1st period - Shot Blocked by Dylan Sikura.
15:53 of 1st period - Wrist shot by Nolan Patrick.
15:53 of 1st period - Stopped by Marc-André Fleury with a rebound.
15:55 of 1st period - Snap shot by Nolan Patrick.
15:55 of 1st period - Shot Blocked by Jeremy Lauzon.
15:57 of 1st period - Slapshot by Colton White.
15:57 of 1st period - Stopped by Marc-André Fleury without a rebound.
15:58 of 1st period - Nolan Patrick wins face-off versus Anthony Richard in Thunderbirds zone.
16:19 of 1st period - Snap shot by Sebastian Collberg.
16:19 of 1st period - Stopped by Marc-André Fleury without a rebound.
16:20 of 1st period - Rourke Chartier wins face-off versus Alex Barre-Boulet in Thunderbirds zone.
16:36 of 1st period - Slapshot by Owen Tippet.
16:36 of 1st period - Stopped by Marc-André Fleury without a rebound.
16:37 of 1st period - Anthony Richard wins face-off versus Nolan Patrick in Thunderbirds zone.
16:48 of 1st period - Snap shot by Michael Rasmussen.
16:48 of 1st period - Stopped by Samuel Ersson with a rebound.
16:50 of 1st period - Snap shot by Jeremy Lauzon.
16:50 of 1st period - Deflect By Michael Rasmussen.
16:50 of 1st period - Shot Misses the Net.
16:50 of 1st period - Puck is out of play.
16:51 of 1st period - Nolan Patrick wins face-off versus Rourke Chartier in Wolfpack zone.
17:17 of 1st period - Anthony Richard is hit by Alex Barre-Boulet and loses puck.
18:21 of 1st period - Slapshot by Jeremy Lauzon.
18:21 of 1st period - Shot Misses the Net.
18:46 of 1st period - Icing by Colton White.
18:47 of 1st period - Pierre Engvall wins face-off versus Owen Tippet in Wolfpack zone.
18:48 of 1st period - Wrist shot by Rourke Chartier.
18:48 of 1st period - Stopped by Samuel Ersson with a rebound.
19:06 of 1st period - Snap shot by Owen Tippet.
19:06 of 1st period - Shot Misses the Net.
19:08 of 1st period - Slapshot by Derrick Pouliot.
19:08 of 1st period - Shot Misses the Net.
19:10 of 1st period - Wrist shot by Alexander Barabanov.
19:10 of 1st period - Stopped by Marc-André Fleury without a rebound.
19:11 of 1st period - Anthony Richard wins face-off versus Dryden Hunt in Thunderbirds zone.
19:38 of 1st period - Jake Marchment is hit by Artturi Lehkonen and loses puck.
19:47 of 1st period - Wrist shot by Artturi Lehkonen.
19:47 of 1st period - Stopped by Samuel Ersson with a rebound.
Goals for this period are 1 for Thunderbirds vs 0 for Wolfpack.
Shots for this period are 10 for Thunderbirds vs 12 for Wolfpack.
2nd period
0:01 of 2nd period - Nolan Patrick wins face-off versus Rourke Chartier in neutral zone.
0:01 of 2nd period - Derrick Pouliot is hit by Pierre Engvall and loses puck.
0:26 of 2nd period - Anthony Richard is hit by Alexander Barabanov and loses puck.
0:54 of 2nd period - Wrist shot by Emil Bemstrom.
0:54 of 2nd period - Stopped by Samuel Ersson with a rebound.
1:08 of 2nd period - Slapshot by Derrick Pouliot.
1:08 of 2nd period - Shot Misses the Net.
1:10 of 2nd period - Snap shot by Derrick Pouliot.
1:10 of 2nd period - Shot Blocked by Frederic Allard.
1:12 of 2nd period - Backhand shot by Derrick Pouliot.
1:12 of 2nd period - Shot Blocked by Sami Niku.
1:14 of 2nd period - Wrist shot by Yegor Korshkov.
1:14 of 2nd period - Stopped by Marc-André Fleury with a rebound.
1:16 of 2nd period - Wrist shot by Jake Marchment.
1:16 of 2nd period - Shot Blocked by Trey Fix-Wolansky.
1:30 of 2nd period - Wrist shot by Joachim Blichfeld.
1:30 of 2nd period - Stopped by Samuel Ersson with a rebound.
1:58 of 2nd period - Slapshot by Ryan Culkin.
1:58 of 2nd period - Shot Misses the Net.
2:59 of 2nd period - Trey Fix-Wolansky is hit by Dryden Hunt and loses puck.
3:15 of 2nd period - Off-side.
3:16 of 2nd period - Alex Barre-Boulet wins face-off versus Rourke Chartier in neutral zone.
3:32 of 2nd period - Minor Penalty to Joachim Blichfeld for Tripping.
3:33 of 2nd period - Trent Frederic wins face-off versus Nolan Patrick in Thunderbirds zone.
4:51 of 2nd period - Dylan Sikura is hit by Colton White and loses puck.
5:02 of 2nd period - Snap shot by Trey Fix-Wolansky.
5:02 of 2nd period - Shot Misses the Net.
5:32 of 2nd period - Penalty to Joachim Blichfeld is over, Joachim Blichfeld is back on ice.
6:18 of 2nd period - Snap shot by Anthony Richard.
6:18 of 2nd period - Shot Misses the Net.
6:39 of 2nd period - Icing by Henri Jokiharju.
6:40 of 2nd period - Nolan Patrick wins face-off versus Rourke Chartier in Thunderbirds zone.
6:51 of 2nd period - Wrist shot by Nolan Patrick.
6:51 of 2nd period - Stopped by Marc-André Fleury without a rebound.
6:52 of 2nd period - Anthony Richard wins face-off versus Alex Barre-Boulet in Thunderbirds zone.
6:52 of 2nd period - Anthony Richard is hit by Colton White.
6:58 of 2nd period - Slapshot by Matt Roy.
6:58 of 2nd period - Stopped by Samuel Ersson with a rebound.
7:28 of 2nd period - Snap shot by Sebastian Collberg.
7:28 of 2nd period - Shot Blocked by Matt Roy.
8:02 of 2nd period - Snap shot by Trey Fix-Wolansky.
8:02 of 2nd period - Shot Misses the Net.
8:04 of 2nd period - Slapshot by Henri Jokiharju.
8:04 of 2nd period - Shot Misses the Net.
8:06 of 2nd period - Slapshot by Paul Cotter.
8:06 of 2nd period - Shot Blocked by Derrick Pouliot.
8:08 of 2nd period - Snap shot by Paul Cotter.
8:08 of 2nd period - Stopped by Samuel Ersson with a rebound.
8:42 of 2nd period - Snap shot by Joachim Blichfeld.
8:42 of 2nd period - Stopped by Samuel Ersson with a rebound.
8:58 of 2nd period - Joachim Blichfeld is hit by Linus Sandin and loses puck.
9:07 of 2nd period - Snap shot by Rourke Chartier.
9:07 of 2nd period - Shot Misses the Net.
9:09 of 2nd period - Slapshot by Joachim Blichfeld.
9:09 of 2nd period - Shot Misses the Net.
9:11 of 2nd period - Snap shot by Frederic Allard.
9:11 of 2nd period - Stopped by Samuel Ersson without a rebound.
9:12 of 2nd period - Anthony Richard wins face-off versus Nolan Patrick in Wolfpack zone.
9:17 of 2nd period - Slapshot by Anthony Richard.
9:17 of 2nd period - Stopped by Samuel Ersson with a rebound.
9:46 of 2nd period - Snap shot by Artturi Lehkonen.
9:46 of 2nd period - Shot Blocked by Joshua Jacobs.
9:56 of 2nd period - Snap shot by Linus Sandin.
9:56 of 2nd period - Deflect By Dylan Blujus.
9:56 of 2nd period - Stopped by Marc-André Fleury with a rebound.
10:47 of 2nd period - Snap shot by Nolan Patrick.
10:47 of 2nd period - Stopped by Marc-André Fleury with a rebound.
11:15 of 2nd period - Paul Cotter is hit by Yegor Korshkov and loses puck.
12:01 of 2nd period - Snap shot by Joachim Blichfeld.
12:01 of 2nd period - Stopped by Samuel Ersson without a rebound.
12:02 of 2nd period - Nolan Patrick wins face-off versus Rourke Chartier in Wolfpack zone.
12:48 of 2nd period - Henri Jokiharju is hit by Alex Barre-Boulet and loses puck.
12:55 of 2nd period - Snap shot by Owen Tippet.
12:55 of 2nd period - Goal by Owen Tippet - Thunderbirds : 1 - Wolfpack : 1.
12:56 of 2nd period - Owen Tippet wins face-off versus Rourke Chartier in neutral zone.
13:21 of 2nd period - Joachim Blichfeld is hit by Jake Marchment and loses puck.
13:28 of 2nd period - Wrist shot by Yegor Korshkov.
13:28 of 2nd period - Stopped by Marc-André Fleury with a rebound.
13:34 of 2nd period - Wrist shot by Rourke Chartier.
13:34 of 2nd period - Deflect By Joachim Blichfeld.
13:34 of 2nd period - Stopped by Samuel Ersson without a rebound.
13:35 of 2nd period - Nolan Patrick wins face-off versus Anthony Richard in Wolfpack zone.
13:51 of 2nd period - Slapshot by Nolan Patrick.
13:51 of 2nd period - Shot Misses the Net.
14:54 of 2nd period - Rourke Chartier is hit by Nolan Patrick and loses puck.
15:37 of 2nd period - Slapshot by Alex Barre-Boulet.
15:37 of 2nd period - Stopped by Marc-André Fleury without a rebound.
15:38 of 2nd period - Anthony Richard wins face-off versus Nolan Patrick in Thunderbirds zone.
16:14 of 2nd period - Slapshot by Yegor Korshkov.
16:14 of 2nd period - Shot Misses the Net.
16:54 of 2nd period - Sami Niku is hit by Owen Tippet.
17:11 of 2nd period - Minor Penalty to Dylan Blujus for Tripping.
17:12 of 2nd period - Nolan Patrick wins face-off versus Trent Frederic in Thunderbirds zone.
17:12 of 2nd period - Slapshot by Sebastian Collberg.
17:12 of 2nd period - Stopped by Marc-André Fleury with a rebound.
17:14 of 2nd period - Snap shot by Dryden Hunt.
17:14 of 2nd period - Shot Blocked by Jeremy Lauzon.
17:38 of 2nd period - Jeremy Lauzon is hit by Owen Tippet and loses puck.
17:47 of 2nd period - Slapshot by Ryan Culkin.
17:47 of 2nd period - Deflect By Alex Barre-Boulet.
17:47 of 2nd period - Stopped by Marc-André Fleury with a rebound.
17:49 of 2nd period - Snap shot by Alex Barre-Boulet.
17:49 of 2nd period - Stopped by Marc-André Fleury with a rebound.
17:51 of 2nd period - Snap shot by Owen Tippet.
17:51 of 2nd period - Shot Misses the Net.
18:53 of 2nd period - Alexander Barabanov is hit by Anthony Richard and loses puck.
19:11 of 2nd period - Penalty to Dylan Blujus is over, Dylan Blujus is back on ice.
19:16 of 2nd period - Wrist shot by Dylan Blujus.
19:16 of 2nd period - Stopped by Samuel Ersson without a rebound.
19:17 of 2nd period - Anthony Richard wins face-off versus Jake Marchment in Wolfpack zone.
19:26 of 2nd period - Wrist shot by Dylan Sikura.
19:26 of 2nd period - Shot Misses the Net.
19:28 of 2nd period - Snap shot by Sami Niku.
19:28 of 2nd period - Shot Blocked by Joshua Jacobs.
19:30 of 2nd period - Wrist shot by Anthony Richard.
19:30 of 2nd period - Stopped by Samuel Ersson with a rebound.
19:32 of 2nd period - Slapshot by Jeremy Lauzon.
19:32 of 2nd period - Stopped by Samuel Ersson without a rebound.
19:33 of 2nd period - Rourke Chartier wins face-off versus Owen Tippet in Wolfpack zone.
19:39 of 2nd period - Minor Penalty to Alexander Barabanov for Slashing.
19:40 of 2nd period - Rourke Chartier wins face-off versus Nolan Patrick in Wolfpack zone.
19:42 of 2nd period - Slapshot by Rourke Chartier.
19:42 of 2nd period - Shot Blocked by Derrick Pouliot.
19:48 of 2nd period - Wrist shot by Joachim Blichfeld.
19:48 of 2nd period - Shot Misses the Net.
19:50 of 2nd period - Wrist shot by Joachim Blichfeld.
19:50 of 2nd period - Goal by Joachim Blichfeld - Thunderbirds : 2 - Wolfpack : 1.
19:51 of 2nd period - Rourke Chartier wins face-off versus Nolan Patrick in neutral zone.
19:56 of 2nd period - Wrist shot by Joachim Blichfeld.
19:56 of 2nd period - Stopped by Samuel Ersson with a rebound.
Goals for this period are 1 for Thunderbirds vs 1 for Wolfpack.
Shots for this period are 14 for Thunderbirds vs 10 for Wolfpack.
3rd period
0:01 of 3rd period - Nolan Patrick wins face-off versus Rourke Chartier in neutral zone.
0:15 of 3rd period - Slapshot by Henri Jokiharju.
0:15 of 3rd period - Deflect By Joachim Blichfeld.
0:15 of 3rd period - Stopped by Samuel Ersson without a rebound.
0:16 of 3rd period - Anthony Richard wins face-off versus Alex Barre-Boulet in Wolfpack zone.
0:19 of 3rd period - Slapshot by Dylan Sikura.
0:19 of 3rd period - Shot Misses the Net.
0:29 of 3rd period - Wrist shot by Owen Tippet.
0:29 of 3rd period - Deflect By Alex Barre-Boulet.
0:29 of 3rd period - Shot Blocked by Jeremy Lauzon.
0:29 of 3rd period - Puck is out of play.
0:30 of 3rd period - Nolan Patrick wins face-off versus Rourke Chartier in Thunderbirds zone.
0:57 of 3rd period - Dylan Sikura is hit by Alex Barre-Boulet and loses puck.
1:20 of 3rd period - Snap shot by Artturi Lehkonen.
1:20 of 3rd period - Stopped by Samuel Ersson without a rebound.
1:21 of 3rd period - Nolan Patrick wins face-off versus Trent Frederic in Wolfpack zone.
1:47 of 3rd period - Derrick Pouliot is hit by Pierre Engvall and loses puck.
2:18 of 3rd period - Slapshot by Derrick Pouliot.
2:18 of 3rd period - Shot Misses the Net.
2:30 of 3rd period - Slapshot by Sami Niku.
2:30 of 3rd period - Deflect By Rasmus Kupari.
2:30 of 3rd period - Shot Blocked by K'Andre Miller.
2:30 of 3rd period - Puck is out of play.
2:31 of 3rd period - Paul Cotter wins face-off versus Andrei Altybarmakyan in Wolfpack zone.
2:48 of 3rd period - Henri Jokiharju is hit by Jeffrey Viel and loses puck.
2:55 of 3rd period - Slapshot by Andrei Altybarmakyan.
2:55 of 3rd period - Shot Blocked by Henri Jokiharju.
2:57 of 3rd period - Snap shot by Ryan Culkin.
2:57 of 3rd period - Stopped by Marc-André Fleury with a rebound.
2:59 of 3rd period - Snap shot by Jeffrey Viel.
2:59 of 3rd period - Shot Misses the Net.
3:01 of 3rd period - Slapshot by K'Andre Miller.
3:01 of 3rd period - Stopped by Marc-André Fleury with a rebound.
3:03 of 3rd period - Wrist shot by Jeffrey Viel.
3:03 of 3rd period - Shot Misses the Net.
3:05 of 3rd period - Snap shot by Andrei Altybarmakyan.
3:05 of 3rd period - Shot Misses the Net.
3:09 of 3rd period - Slapshot by Ryan Culkin.
3:09 of 3rd period - Shot Blocked by Paul Cotter.
3:11 of 3rd period - Wrist shot by Shane Pinto.
3:11 of 3rd period - Deflect By Andrei Altybarmakyan.
3:11 of 3rd period - Shot Misses the Net.
3:11 of 3rd period - Puck is out of play.
3:12 of 3rd period - Nolan Patrick wins face-off versus Rourke Chartier in Thunderbirds zone.
3:21 of 3rd period - Snap shot by Rourke Chartier.
3:21 of 3rd period - Stopped by Samuel Ersson with a rebound.
3:39 of 3rd period - Michael Rasmussen is hit by Jake Marchment and loses puck.
4:04 of 3rd period - Slapshot by Colton White.
4:04 of 3rd period - Deflect By Frederic Allard.
4:04 of 3rd period - Stopped by Marc-André Fleury without a rebound.
4:05 of 3rd period - Alex Barre-Boulet wins face-off versus Rourke Chartier in Thunderbirds zone.
4:38 of 3rd period - Snap shot by Sebastian Collberg.
4:38 of 3rd period - Shot Misses the Net.
4:44 of 3rd period - Nolan Patrick is hit by Trent Frederic and loses puck.
5:01 of 3rd period - Off-side.
5:02 of 3rd period - Alex Barre-Boulet wins face-off versus Paul Cotter in neutral zone.
5:11 of 3rd period - Wrist shot by Alexander Barabanov.
5:11 of 3rd period - Deflect By Rasmus Kupari.
5:11 of 3rd period - Shot Misses the Net.
5:11 of 3rd period - Puck is out of play.
5:12 of 3rd period - Joachim Blichfeld wins face-off versus Alex Barre-Boulet in Thunderbirds zone.
5:31 of 3rd period - Wrist shot by Owen Tippet.
5:31 of 3rd period - Stopped by Marc-André Fleury with a rebound.
5:33 of 3rd period - Slapshot by K'Andre Miller.
5:33 of 3rd period - Deflect By Rourke Chartier.
5:33 of 3rd period - Stopped by Marc-André Fleury with a rebound.
5:35 of 3rd period - Slapshot by Ryan Culkin.
5:35 of 3rd period - Stopped by Marc-André Fleury with a rebound.
5:37 of 3rd period - Slapshot by K'Andre Miller.
5:37 of 3rd period - Stopped by Marc-André Fleury with a rebound.
5:39 of 3rd period - Slapshot by Owen Tippet.
5:39 of 3rd period - Stopped by Marc-André Fleury with a rebound.
5:41 of 3rd period - Wrist shot by Owen Tippet.
5:41 of 3rd period - Shot Misses the Net.
5:43 of 3rd period - Wrist shot by Alexander Barabanov.
5:43 of 3rd period - Stopped by Marc-André Fleury without a rebound.
5:44 of 3rd period - Nolan Patrick wins face-off versus Anthony Richard in Thunderbirds zone.
6:23 of 3rd period - Backhand shot by Emil Bemstrom.
6:23 of 3rd period - Stopped by Samuel Ersson without a rebound.
6:24 of 3rd period - Alex Barre-Boulet wins face-off versus Rourke Chartier in Wolfpack zone.
6:51 of 3rd period - Icing by Ryan Culkin.
6:52 of 3rd period - Trent Frederic wins face-off versus Nolan Patrick in Wolfpack zone.
7:02 of 3rd period - Wrist shot by Emil Bemstrom.
7:02 of 3rd period - Shot Misses the Net.
7:04 of 3rd period - Wrist shot by Henri Jokiharju.
7:04 of 3rd period - Stopped by Samuel Ersson without a rebound.
7:05 of 3rd period - Rourke Chartier wins face-off versus Nolan Patrick in Wolfpack zone.
7:06 of 3rd period - Snap shot by Joachim Blichfeld.
7:06 of 3rd period - Stopped by Samuel Ersson with a rebound.
7:20 of 3rd period - Backhand shot by Nolan Patrick.
7:20 of 3rd period - Shot Misses the Net.
7:52 of 3rd period - Wrist shot by Artturi Lehkonen.
7:52 of 3rd period - Shot Misses the Net.
7:54 of 3rd period - Slapshot by Artturi Lehkonen.
7:54 of 3rd period - Shot Blocked by K'Andre Miller.
8:20 of 3rd period - Snap shot by Sebastian Collberg.
8:20 of 3rd period - Shot Blocked by Frederic Allard.
8:44 of 3rd period - Icing by Shane Pinto.
8:45 of 3rd period - Anthony Richard wins face-off versus Shane Pinto in Wolfpack zone.
8:57 of 3rd period - Shane Pinto is hit by Anthony Richard and loses puck.
9:57 of 3rd period - Snap shot by Dylan Sikura.
9:57 of 3rd period - Stopped by Samuel Ersson with a rebound.
9:59 of 3rd period - Slapshot by Dylan Blujus.
9:59 of 3rd period - Shot Blocked by Derrick Pouliot.
10:13 of 3rd period - Derrick Pouliot is hit by Sami Niku and loses puck.
11:04 of 3rd period - Wrist shot by Andrei Altybarmakyan.
11:04 of 3rd period - Stopped by Marc-André Fleury with a rebound.
11:22 of 3rd period - Off-side.
11:23 of 3rd period - Nolan Patrick wins face-off versus Rourke Chartier in neutral zone.
11:46 of 3rd period - Minor Penalty to Cale Fleury for Cross-checking.
11:47 of 3rd period - Nolan Patrick wins face-off versus Rourke Chartier in Wolfpack zone.
12:03 of 3rd period - Icing by Jeremy Lauzon.
12:04 of 3rd period - Rourke Chartier wins face-off versus Nolan Patrick in Thunderbirds zone.
12:44 of 3rd period - Snap shot by Pierre Engvall.
12:44 of 3rd period - Goal by Pierre Engvall - Thunderbirds : 3 - Wolfpack : 1.
12:45 of 3rd period - Nolan Patrick wins face-off versus Rourke Chartier in neutral zone.
12:47 of 3rd period - Off-side.
12:48 of 3rd period - Nolan Patrick wins face-off versus Rourke Chartier in neutral zone.
13:04 of 3rd period - Off-side.
13:05 of 3rd period - Alex Barre-Boulet wins face-off versus Anthony Richard in neutral zone.
13:08 of 3rd period - Slapshot by Colton White.
13:08 of 3rd period - Stopped by Marc-André Fleury without a rebound.
13:09 of 3rd period - Anthony Richard wins face-off versus Owen Tippet in Thunderbirds zone.
13:49 of 3rd period - Minor Penalty to Henri Jokiharju for Holding.
13:50 of 3rd period - Trent Frederic wins face-off versus Nolan Patrick in Thunderbirds zone.
14:03 of 3rd period - Snap shot by Nolan Patrick.
14:03 of 3rd period - Stopped by Marc-André Fleury with a rebound.
14:05 of 3rd period - Wrist shot by Nolan Patrick.
14:05 of 3rd period - Shot Blocked by Dylan Blujus.
15:49 of 3rd period - Penalty to Henri Jokiharju is over, Henri Jokiharju is back on ice.
16:05 of 3rd period - Icing by Trey Fix-Wolansky.
16:06 of 3rd period - Shane Pinto wins face-off versus Trey Fix-Wolansky in Thunderbirds zone.
17:01 of 3rd period - Ryan Culkin is hit by Artturi Lehkonen and loses puck.
17:08 of 3rd period - Wrist shot by Artturi Lehkonen.
17:08 of 3rd period - Goal by Artturi Lehkonen - Thunderbirds : 4 - Wolfpack : 1.
17:09 of 3rd period - Rourke Chartier wins face-off versus Nolan Patrick in neutral zone.
17:40 of 3rd period - Off-side.
17:41 of 3rd period - Anthony Richard wins face-off versus Alex Barre-Boulet in neutral zone.
17:50 of 3rd period - Wrist shot by Michael Rasmussen.
17:50 of 3rd period - Shot Blocked by Ryan Culkin.
17:52 of 3rd period - Snap shot by Jeremy Lauzon.
17:52 of 3rd period - Shot Misses the Net.
17:54 of 3rd period - Wrist shot by Dylan Sikura.
17:54 of 3rd period - Shot Misses the Net.
19:13 of 3rd period - Snap shot by Owen Tippet.
19:13 of 3rd period - Stopped by Marc-André Fleury with a rebound.
19:15 of 3rd period - Slapshot by Derrick Pouliot.
19:15 of 3rd period - Goal by Derrick Pouliot - Thunderbirds : 4 - Wolfpack : 2.
19:16 of 3rd period - Trent Frederic wins face-off versus Jake Marchment in neutral zone.
19:54 of 3rd period - Slapshot by Derrick Pouliot.
19:54 of 3rd period - Shot Blocked by Anthony Richard.
19:56 of 3rd period - Wrist shot by Colton White.
19:56 of 3rd period - Deflect By Anthony Richard.
19:56 of 3rd period - Stopped by Marc-André Fleury without a rebound.
19:57 of 3rd period - Alex Barre-Boulet wins face-off versus Anthony Richard in Thunderbirds zone.
19:58 of 3rd period - Wrist shot by Owen Tippet.
19:58 of 3rd period - Goal by Owen Tippet - Thunderbirds : 4 - Wolfpack : 3.
19:59 of 3rd period - Trent Frederic wins face-off versus Nolan Patrick in neutral zone.
Goals for this period are 2 for Thunderbirds vs 2 for Wolfpack.
Shots for this period are 9 for Thunderbirds vs 16 for Wolfpack.